 Dungeon Crawl Stone Soup version 0.23.0 (webtiles) character file.

Game seed: 13318268928238943140

88 kaze the Chopper (level 4, 0/41 HPs)
             Began as a Hill Orc Berserker on Feb 11, 2019.
             Was a Believer of Trog.
             Slain by Grinder (6 damage)
             ... on level 3 of the Dungeon.
             The game lasted 00:02:45 (1894 turns).

kaze the Chopper (Hill Orc Berserker)               Turns: 1894, Time: 00:02:45

Health: 0/41       AC:  7    Str: 20    XL:     4   Next: 54%
Magic:  4/4        EV: 10    Int:  7    God:    Trog [**....]
Gold:   120        SH:  0    Dex: 10    Spells: 3/3 levels left

rFire    . . .     SeeInvis .   a - +0 hand axe
rCold    . . .     Gourm    .   (no shield)
rNeg     . . .     Faith    .   k - +0 scale mail
rPois    .         Spirit   .   (no helmet)
rElec    .         Reflect  .   n - +0 cloak
rCorr    .         Harm     .   (no gloves)
MR       .....                  (no boots)
Stlth    ..........             (no amulet)
HPRegen  0.13/turn              (no ring)
MPRegen  0.09/turn              (no ring)

@: berserk cooldown, slowed, very slow
A: no striking features
a: Berserk, Trog's Hand, Renounce Religion


You were on level 3 of the Dungeon.
You worshipped Trog.
Trog was pleased with you.
You were very hungry.

You visited 1 branch of the dungeon, and saw 3 of its levels.

You collected 120 gold pieces.

Inventory:

Hand Weapons
 a - a +0 hand axe (weapon)
Armour
 k - a +0 scale mail (worn)
 n - a +0 cloak (worn)
Jewellery
 p - a +3 ring of intelligence {unknown}
Scrolls
 d - a scroll of blinking {unknown}
 e - 4 scrolls of identify {unknown}
 f - a scroll of immolation {unknown}
 g - a scroll of teleportation {unknown}
 h - a scroll of magic mapping {unknown}
 l - a scroll of remove curse {unknown}
Potions
 b - a potion of mutation {unknown}
 i - a potion of magic {unknown}
 j - a potion of agility {unknown}
 m - a potion of resistance {unknown}
 o - a potion of brilliance {unknown}
Comestibles
 c - 6 rations


   Skills:
 + Level 4.4 Fighting
 + Level 5.2 Axes
 + Level 2.9 Armour
 + Level 2.0 Dodging
 + Level 0.3 Stealth


You had 3 spell levels left.
You didn't know any spells.
Your spell library was empty.

Dungeon Overview and Level Annotations

Branches:
Dungeon (3/15)

Altars:
Ashenzari
Hepliaklqana

Annotations:
D:3 Grinder


Message History

You are no longer berserk.
You pass out from exhaustion.
You feel yourself slow down. Grinder hits you.
You writhe in agony.
Grinder blinks!
You feel the effects of Trog's Hand fading.
You can move again.
Grinder hits you.
You writhe in agony.
Grinder hits you.
You writhe in agony.
You hit Grinder but do no damage.
Grinder is heavily wounded.
Grinder hits you but does no damage.
You hit Grinder.
Grinder is heavily wounded.
Your skin stops crawling.
You feel less resistant to hostile enchantments.
Grinder hits you!
You writhe in agony.
* * * LOW HITPOINT WARNING * * *
Grinder hits you.
* * * LOW HITPOINT WARNING * * *
You writhe in agony.
You die...

.. #.. ..# #.#
.... #.#
....#####.#####
..............#
.............##
#..5......<#
#...@....###
#........#
#........#
#........#
#........#
#........#
##########


You could see Grinder.

Vanquished Creatures
  A gnoll (D:1)
  4 adders (D:2)
  2 dart slugs
  A leopard gecko (D:2)
  A giant cockroach (D:1)
  6 goblins
  3 hobgoblins
  4 jackals (D:2)
  6 kobolds
  A ball python (D:2)
  4 bats
  A frilled lizard (D:2)
  6 rats
40 creatures vanquished.

Notes
Turn   | Place    | Note
-------+----------+-------------------------------------------
     0 | D:1      | kaze the Hill Orc Berserker began the quest for the Orb.
     0 | D:1      | Reached XP level 1. HP: 19/19 MP: 1/1
    77 | D:1      | Reached XP level 2. HP: 11/27 MP: 2/2
   759 | D:1      | Reached XP level 3. HP: 17/33 MP: 3/3
   821 | D:2      | Found a hazy altar of Hepliaklqana.
  1155 | D:2      | Reached skill level 5 in Axes
  1161 | D:2      | Reached ** piety under Trog
  1173 | D:2      | Reached XP level 4. HP: 29/40 MP: 4/4
  1229 | D:2      | Found a shattered altar of Ashenzari.
  1878 | D:3      | Noticed Grinder
  1894 | D:3      | Slain by Grinder

Skill      XL: |  1  2  3 |
---------------+----------+-----
Fighting       | 4 |  4.4
Dodging        | 2 |  2.0
Axes           | 5 |  5.2
Armour         | |  2.9
Stealth        | |  0.3

Action                   |  1- 3 |  4- 6 || total
-------------------------+-------+-------++-------
Melee: Hand axe          |    90 |    44 ||   134
Invok: Berserk           |       |     1 ||     1
       Trog's Hand       |       |     1 ||     1
 Stab: Sleeping          |     1 |       ||     1
  Eat: Chunk             |     1 |     2 ||     3
Armor: Animal skin       |     9 |       ||     9
       Scale mail        |    29 |    22 ||    51
Dodge: Dodged            |    55 |    28 ||    83
